Unix NetHack Version 5.0.0-0 post-release - last build May  4 2026 22:22:43 (774f63e81ad911689b3a0859ea89b322d5daca8d,branch:main).

Game began 2026-05-07 18:16:49, ended 2026-05-07 19:19:00.

Drastanta, neutral male gnomish Healer

                 -------------
                 |.......{....#    ---------
                #............|#    |.......|       -----
                #|...........|#####|.......|       |..>-#
                #----.--------  ###.:......|       |.*.|#
                #    ##         # #|.......|       |...|#
               ##     #         #  F....q..|      #...)|#
              ##      #       ###  |.(..i@.-#     #-----#
             ##       #       #    ---------#     #     #
 ------------#        #       #             #     #     #
 |..........|#        ####    #             #     #   #)#    #
 |...........#           #   ##             #     #   #------.-             #
 |.........{|            #   #              #     #   #|...%..|         ----.-
 ------------            ### #        ########### #   #|...)..|         |....|
                  #####################    #----.-#   #........########).....|
                        ---.-#             #....%|#    |......|         |....|
                        |....#              |...<|#    --------         ------
                        |...|               |....-#
                        -----               ------

Drastanta the Empiric        St:10 Dx:10 Co:13 In:11 Wi:14 Ch:18  Neutral
Dlvl:5  $:80 HP:0(49) Pw:27(27) AC:7  Xp:5 T:3606 

Latest messages:
 The rothe hits!
 The rothe misses!
 The rothe bites!
 You miss the imp.
 The imp hits!
 The rothe hits!
 The rothe bites!
 The rothe bites again!
 Are you sure you want to pray? [yn] (n) y
 You begin praying to Hermes.
 You are surrounded by a shimmering light.
 The imp starts to attack you, but pulls back.
 The rothe starts to attack you, but pulls back.
 The imp starts to attack you, but pulls back.
 The imp starts to attack you, but pulls back.
 You finish your prayer.
 You feel that Hermes is well-pleased.
 You feel much better.
 You miss the imp.
 The imp hits!
 The rothe misses!
 The rothe bites!
 The rothe misses!
 You miss the imp.
 The imp hits!
 The rothe hits!
 The rothe bites!
 The rothe bites again!
 You miss the rothe.
 The imp hits!
 The rothe hits!
 The rothe bites!
 The rothe misses!
 You hit the rothe.
 The imp hits!
 The rothe hits!
 The rothe bites!
 The rothe bites again!
 You hit the imp.
 The imp hits!
 "Go play leapfrog with a herd of unicorns!"
 The rothe hits!
 The rothe bites!
 The rothe bites again!
 You die...
 Do you want your possessions identified? [ynq] (y) y
 Do you want to see your attributes? [ynq] (y) n
 Do you want an account of creatures vanquished? [ynaq] (y) n
 Do you want to see your conduct and achievements? [ynq] (y) n
 Do you want to see the dungeon overview? [ynq] (y) n

Inventory:
 Coins    ('$')
  $ - 80 gold pieces
 Weapons  (')')
  a - a +1 scalpel (weapon in left hand)
 Armor    ('[')
  b - an uncursed thoroughly burnt +1 pair of leather gloves (being worn)
 Comestibles  ('%')
  S - an uncursed cram ration
  o - an uncursed food ration
 Scrolls  ('?')
  O - a blessed scroll of confuse monster
  q - an uncursed scroll of confuse monster
  n - an uncursed scroll of create monster
  j - a blessed scroll of enchant weapon
  w - an uncursed scroll of enchant weapon
  m - an uncursed scroll of identify
 Spellbooks  ('+')
  h - a blessed spellbook of extra healing
  g - a blessed spellbook of healing
  M - an uncursed spellbook of magic missile
  U - an uncursed spellbook of magic missile
  i - a blessed spellbook of stone to flesh
 Potions  ('!')
  G - a cursed potion of extra healing
  y - an uncursed potion of fruit juice named sp25
  d - 3 uncursed potions of healing
  A - an uncursed potion of levitation named sp100
  z - an uncursed potion of paralysis named Sp150
  C - an uncursed potion of sickness named sp25
  k - 3 uncursed potions of water
 Rings    ('=')
  R - an uncursed ring of polymorph control
  l - a blessed +2 ring of protection (on right hand)
 Wands    ('/')
  V - a wand of digging (0:5)
  p - a wand of magic missile (0:6)
  f - a wand of sleep (0:8)
 Tools    ('(')
  c - an uncursed stethoscope

Drastanta the Healer's attributes:

Background:
 You were an Empiric, a level 5 male gnomish Healer.
 You were neutral, on a mission for Hermes
 who was opposed by Athena (lawful) and Poseidon (chaotic).
 You were left-handed.
 You were in the Dungeons of Doom, on level 5.
 You entered the dungeon 3606 turns ago.
 You had 169 experience points, 151 more were needed to attain level 6.

Basics:
 You had 0 out of 49 hit points.
 You had all 27 energy points (spell power).
 Your armor class was 7.
 Your wallet contained 80 zorkmids.
 Autopickup was off.

Final Characteristics:
 Your strength was 10 (limit:18/50).
 Your dexterity was 10 (limit:18).
 Your constitution was 13 (limit:18).
 Your intelligence was 11 (limit:19).
 Your wisdom was 14 (limit:18).
 Your charisma was 18 (limit:18).

Final Status:
 You weren't hungry.
 You were unencumbered.
 You were wielding a knife.
 You had basic skill with knife and could have enhanced that.

Final Attributes:
 You were piously aligned.
 You were poison resistant.
 You had infravision.
 You had a small defense bonus (+2).
 You were warded.
 You are dead.

Miscellaneous:
 You didn't encounter any bones levels.
 Total elapsed playing time was 1 hour, 1 minute and 28 seconds.

Major events:
 Turn
    1: Drastanta the neutral male gnomish Healer entered the dungeon
  622: attained the rank of Empiric (level 3)
 2615: entered the Gnomish Mines
 3129: declined to perform class genocide
 3606: killed by a rothe

Spells:
 Name                 Level Category     Fail Retention
 healing                1   healing        0%   81%-90%
 extra healing          3   healing        0%   81%-90%
 stone to flesh         3   healing       16%   81%-90%

Skills:
 Fighting Skills
   bare handed combat [Unskilled]
 Weapon Skills
   dagger             [Unskilled]
   knife              [Basic]
   short sword        [Unskilled]
   saber              [Unskilled]
   club               [Unskilled]
   mace               [Unskilled]
   quarterstaff       [Unskilled]
   polearms           [Unskilled]
   spear              [Unskilled]
   trident            [Unskilled]
   sling              [Unskilled]
   dart               [Unskilled]
   shuriken           [Unskilled]
   unicorn horn       [Unskilled]
 Spellcasting Skills
   healing spells     [Basic]

Voluntary challenges:
 Character rerolling was not enabled.
 You never genocided any monsters.
 You never polymorphed an object.
 You used no wishes.
Achievements:
 You attained the rank of Empiric.
 You entered a shop.
 You entered the Gnomish Mines.

 The Dungeons of Doom: levels 1 to 5
    Level 1:
       An altar, a fountain.
    Level 2:
       A potion shop, a fountain.
    Level 3:
    Level 4:
       Stairs down to The Gnomish Mines.
    Level 5: <- You were here.
       A fountain, a sink.
       Final resting place for
          you, killed by a rothe.
 The Gnomish Mines:
    Level 5:


Vanquished creatures:
  2 leprechauns
  a rock piercer
  a pony
  2 fog clouds
  2 gnome leaders
  a straw golem
  a giant ant
  a floating eye
  a dwarf
  a homunculus
  a kobold leader
  a werejackal
  2 iguanas
 an acid blob
  3 coyotes
  a gas spore
  2 hobbits
  3 manes
  8 giant rats
  a cave spider
  a brown mold
  5 yellow molds
  a red mold
  a gecko
  2 jackals
  3 foxes
  a kobold
  a goblin
  a sewer rat
 11 grid bugs
  2 bats
  5 lichens
  a kobold zombie
  4 newts
75 creatures vanquished.

No species were genocided or became extinct.

Game over:
                       ----------
                      /          \
                     /    REST    \
                    /      IN      \
                   /     PEACE      \
                  /                  \
                  |    Drastanta     |
                  |      80 Au       |
                  |   killed by a    |
                  |      rothe       |
                  |                  |
                  |                  |
                  |       2026       |
                 *|     *  *  *      | *
        _________)/\\_//(\/(/\)/\//\/|_)_______

Goodbye Drastanta the Healer...

You died in The Dungeons of Doom on dungeon level 5 with 916 points,
and 80 pieces of gold, after 3606 moves.
You were level 5 with a maximum of 49 hit points when you died.

